 Dungeon Crawl Stone Soup version 0.29-a0-322-g68df515428 (webtiles) character file.

Game seed: 10561415322466692739

14402 wakim the Zephyrmancer (level 12, -3/77 HPs)
             Began as a Tengu Air Elementalist on Apr 5, 2022.
             Was an Elder of Vehumet.
             Slain by a black mamba (14 damage)
             ... on level 2 of the Lair of Beasts.
             The game lasted 00:44:49 (16158 turns).

wakim the Zephyrmancer (Tengu Air Elementalist)    Turns: 16158, Time: 00:44:51

Health: -3/77      AC:  9    Str: 10    XL:     12   Next: 16%
Magic:  13/22      EV: 22    Int: 20    God:    Vehumet [****..]
Gold:   1639       SH:  0    Dex: 21    Spells: 11/24 levels left

rFire   + + .      SeeInvis .   a - +1 dagger (venom)
rCold   + . .      Faith    .   (no shield)
rNeg    + + .      Spirit   .   q - +0 troll leather armour
rPois   .          Reflect  .   (helmet restricted)
rElec   .          Harm     .   R - +2 cloak {rCorr}
rCorr   +          Rampage  .   W - +1 pair of gloves
Will    +....                   (boots unavailable)
Stlth   ++........              r - amulet of regeneration
HPRegen 1.82/turn               C - ring "Diajox" {Drain rF++ rC+ rN+ rCorr}
MPRegen 0.18/turn               w - ring of Jeedd {rN+ Will+ rCorr Dex+7}

@: flying quickly and evasively, hasted, very quick
A: beak, talons 3, nimble flight
a: Renounce Religion


You were on level 2 of the Lair of Beasts.
You worshipped Vehumet.
Vehumet was greatly pleased with you.
You visited 3 branches of the dungeon, and saw 15 of its levels.

You collected 1683 gold pieces.
You spent 44 gold pieces at shops.

Inventory:

Hand Weapons
 a - a +1 dagger of venom (weapon)
 b - a +2 rapier of venom
Missiles
 E - 5 throwing nets {=f!f}
Armour
 q - a +0 troll leather armour (worn)
 s - a +2 robe of willpower
 R - a +2 cloak of preservation (worn)
 W - a +1 pair of gloves (worn)
Jewellery
 r - an amulet of regeneration (around neck)
 w - the ring of Jeedd (right hand) {rN+ Will+ rCorr Dex+7}
   (You found it on level 5 of the Dungeon)

   [ring of willpower]

   Dex:       It affects your dexterity (+7).
   rN:        It protects you from negative energy.
   rCorr:     It protects you from acid and corrosion.
   Will:      It increases your willpower.
 C - the ring "Diajox" (left hand) {Drain rF++ rC+ rN+ rCorr}
   (You found it on level 9 of the Dungeon)

   [ring of protection from cold]

   rF:        It greatly protects you from fire.
   rC:        It protects you from cold.
   rN:        It protects you from negative energy.
   rCorr:     It protects you from acid and corrosion.
   Drain:     It drains your maximum health when unequipped.
 N - a ring of magical power
 Q - an amulet of faith
Wands
 t - a wand of digging (5)
 u - a wand of mindburst (9)
 v - a wand of flame (23)
 x - a wand of charming (11)
 y - a wand of iceblast (5)
 z - a wand of polymorph (4)
Scrolls
 I - a scroll of brand weapon
 J - a scroll of enchant armour
 O - 2 scrolls of enchant weapon
 P - a scroll of amnesia
 S - a scroll of summoning
 T - 5 scrolls of teleportation
 U - 5 scrolls of fear
 V - 2 scrolls of vulnerability {!r!r}
 X - a scroll of fog
 Y - 2 scrolls of blinking {!r}
 Z - a scroll of silence {!r}
Potions
 p - a potion of heal wounds {unknown}
 A - a potion of resistance {unknown}
 B - a potion of attraction {!q}
 D - 3 potions of brilliance
 F - 7 potions of curing
 G - 2 potions of berserk rage {unknown}
 H - 3 potions of haste
 K - a potion of magic
 L - 2 potions of lignification {!q}
 M - a potion of mutation {!q}
Miscellaneous
 m - a phantom mirror


   Skills:
 + Level 9.6 Fighting
 - Level 10.0 Dodging
 - Level 2.0 Stealth
 + Level 6.5 Spellcasting
 + Level 9.4 Conjurations
 + Level 12.8 Air Magic
 * Level 4.6 Evocations


You had 11 spell levels left.
You knew the following spells:

 Your Spells              Type           Power      Damage    Failure   Level
a - Shock                 Conj/Air       100%       1d9       1%          1
b - Airstrike             Air            27%        N/A       1%          4
c - Ignite Poison         Fire/Tmut/Pois 6%         N/A       11%         3
d - Static Discharge      Conj/Air       50%        N/A       1%          2
s - Swiftness             Air            55%        N/A       1%          3

Your spell library contained the following spells:

 Spells                   Type           Power      Damage    Failure   Level
 Flame Wave               Conj/Fire      25%        2d7       5%          4
 Stone Arrow              Conj/Erth      50%        3d10      1%          3
 Sandblast                Erth           12%        2d6       4%          1
 Animate Skeleton         Necr           12%        N/A       14%         1
 Apportation              Tloc           12%        N/A       14%         1
 Summon Small Mammal      Summ           24%        N/A       14%         1
 Passwall                 Tmut/Erth      5%         N/A       21%         2
 Gell's Gravitas          Tloc           6%         N/A       38%         3
 Lesser Beckoning         Tloc           6%         N/A       38%         3
 Teleport Other           Tloc           6%         N/A       38%         3
 Iron Shot                Conj/Erth      12%        9d3       56%         6
 Animate Armour           Summ/Erth      12%        N/A       80%         4
 Blade Hands              Tmut           3%         N/A       98%         5


Dungeon Overview and Level Annotations

Branches:
Dungeon (12/15)            Temple (1/1) D:5            Lair (2/6) D:9
    Orc (0/2) D:11
  Swamp: Lair:2-4    Shoals: Lair:2-4     Snake: Lair:2-4    Spider: Lair:2-4

Altars:
Ashenzari
Elyvilon
Fedhas
Gozag
Kikubaaqudgha
Makhleb
Nemelex Xobeh
Okawaru
Ru
Sif Muna
Trog
Vehumet
Wu Jian
Xom
Yredelemnul
Zin
The Shining One

Shops:
D:5 *   D:9 *

Annotations:
D:2 Sigmund
D:4 dig


Innate Abilities, Weirdness & Mutations

You have a beak for a mouth.
You have claws for feet.
Your magical nature lets you fly swiftly and evasively.


Message History

The black mamba bites you but does no damage.
The cane toad stings you!!
* * * LOW HITPOINT WARNING * * *
You are more poisoned.
The cane toad poisons you! 14/77 (-29)
You feel better. The black mamba barely misses you.
The black mamba closely misses you.
The cane toad closely misses you. 20/77 (+6)
Casting: Static Discharge (safe; 1% risk of failure)
Confirm with . or Enter, or press ? or * to list all spells.
The black mamba is struck by an arc of lightning.
The black mamba is severely wounded.
You are struck by an arc of lightning.
* * * LOW HITPOINT WARNING * * *
The cane toad is struck by an arc of lightning.
The cane toad is severely wounded.
The lightning grounds out.
The cane toad is struck by an arc of lightning!
You kill the cane toad!
Vehumet accepts your kill.
You are struck by an arc of lightning.
* * * LOW HITPOINT WARNING * * *
The black mamba is struck by an arc of lightning.
The black mamba is almost dead.
The lightning grounds out.
The black mamba bites you.
* * * LOW HITPOINT WARNING * * *
The black mamba bites you!
* * * LOW HITPOINT WARNING * * *
7/77 (-13)
You feel yourself speed up. The black mamba misses you.
The black mamba bites you but does no damage. 9/77 (+2) 10/77 (+1)
The black mamba attacks as you move away!
The black mamba misses you. 11/77 (+1)
The black mamba attacks as you move away!
The black mamba bites you!
You die...

.... # ##...#.
.......... .#...#....
###........ #
.#......# #
#..#####.......#.#
#....S@.......#.###.
#.####...........#...#
#..(...P........<
#..#......##.#..#
##.##..P..##....
#.##P...PP#.#.##
#..##.#........##
..##..#..###...## ..
#...#.........


You could see a black mamba.

Vanquished Creatures
  Harold (Lair:1)
  A two-headed ogre (D:10)
  An ugly thing (D:9)
  A manticore (D:11)
  Maurice (D:8)
  A gargoyle (D:10)
  2 cane toads
  2 efreet (D:10)
  2 komodo dragons
  A troll (D:6)
  A hornet (D:7)
  A shadow (D:10)
  A wyvern (D:10)
  2 vampires
  A wraith (D:9)
  8 vampire mosquitoes
  14 yaks
  2 steam dragons
  An acid dragon (D:9)
  7 water moccasins
  3 black bears (D:9)
  A sky beast (D:7)
  4 orc warriors
  2 ogres
  6 centaurs
  3 phantoms
  12 bullfrogs
  5 necrophages
  3 scorpions
  7 wights
  5 killer bees (D:9)
  5 howler monkeys
  A jelly (D:7)
  7 hounds
  A gnoll shaman (D:9)
  12 orc priests
  10 iguanas
  Terence (D:3)
  12 orc wizards
  3 gnolls (D:9)
  5 adders
  2 ufetubi (D:4)
  3 dart slugs (D:3)
  48 orcs
  13 ball pythons
  4 bats
  7 endoplasms
  4 giant cockroaches
  6 goblins
  4 hobgoblins
  4 kobolds
  4 quokkas
  6 frilled lizards
  A goblin zombie (D:6)
  7 rats
  A rat zombie (D:6)
273 creatures vanquished.

Vanquished Creatures (others)
  39 fungi
  51 plants
90 creatures vanquished.

Grand Total: 363 creatures vanquished

Notes
Turn   | Place    | Note
-------+----------+-------------------------------------------
     0 | D:1      | wakim the Tengu Air Elementalist began the quest for the
                  | Orb.
     0 | D:1      | Reached XP level 1. HP: 10/10 MP: 4/4
   312 | D:1      | Reached XP level 2. HP: 16/16 MP: 3/6
   374 | D:1      | Learned a level 2 spell: Static Discharge
   408 | D:1      | Found a faded altar of an unknown god.
   971 | D:2      | Reached XP level 3. HP: 20/20 MP: 5/7
  1083 | D:2      | Reached skill level 1 in Fighting
  1336 | D:2      | Noticed Sigmund
  1388 | D:2      | Found a glowing silver altar of Zin.
  1616 | D:3      | Found a glowing silver altar of Zin.
  1923 | D:3      | Reached skill level 5 in Air Magic
  2353 | D:3      | Reached XP level 4. HP: 3/25 MP: 8/8
  2615 | D:3      | Gained mutation: Your magical nature lets you fly swiftly
                  | and evasively. [Tengu growth]
  2615 | D:3      | Reached XP level 5. HP: 13/30 MP: 10/10
  2805 | D:3      | Noticed Terence
  2814 | D:3      | Killed Terence
  3590 | D:4      | Reached skill level 6 in Air Magic
  3732 | D:4      | Noticed an ice beast
  3804 | D:4      | Reached XP level 6. HP: 35/35 MP: 11/11
  4058 | D:4      | Found a basalt altar of Yredelemnul.
  4108 | D:4      | Reached skill level 7 in Air Magic
  4205 | D:4      | Found a white marble altar of Elyvilon.
  4529 | D:5      | Entered Level 5 of the Dungeon
  4596 | D:5      | Reached XP level 7. HP: 33/40 MP: 13/13
  4654 | D:5      | Found a burning altar of Makhleb.
  4769 | D:4      | Learned a level 4 spell: Airstrike
  4773 | D:4      | Learned a level 3 spell: Swiftness
  5159 | D:5      | Reached skill level 8 in Air Magic
  5261 | D:5      | Identified the ring of Jeedd {rN+ Will+ rCorr Dex+7}
  5482 | D:5      | Reached skill level 5 in Conjurations
  5508 | D:5      | Found Vagais's Assorted Antiques.
  5520 | D:5      | Reached XP level 8. HP: 33/48 MP: 15/15
  5970 | D:5      | Found a staircase to the Ecumenical Temple.
  5982 | Temple   | Entered the Ecumenical Temple
  5998 | Temple   | Became a worshipper of Vehumet
  6682 | D:6      | You are sucked into a shaft and drop 3 floors!
  6705 | D:9      | Reached skill level 9 in Air Magic
  7242 | D:6      | Reached skill level 10 in Air Magic
  7242 | D:6      | Reached XP level 9. HP: 43/52 MP: 17/17
  7292 | D:6      | Noticed a troll
  7748 | D:6      | Reached skill level 5 in Spellcasting
  7808 | D:6      | Reached skill level 5 in Fighting
  8082 | D:6      | Killed a troll
  8337 | D:6      | Found a large runed translucent door.
  8338 | D:6      | Found a large runed translucent door.
  8439 | D:6      | Found a broken altar of Ashenzari.
  8447 | D:6      | Found an ancient bone altar of Kikubaaqudgha.
  8531 | D:7      | Noticed a hornet
  8647 | D:7      | Reached * piety under Vehumet
  8647 | D:7      | Offered knowledge of Sandblast by Vehumet.
  8648 | D:7      | Reached skill level 11 in Air Magic
  9147 | D:7      | Paralysed by a hornet for 1 turns
  9149 | D:7      | Killed a hornet
  9747 | D:8      | Reached XP level 10. HP: 30/60 MP: 19/19
  9802 | D:8      | Identified a scroll of acquirement
  9803 | D:8      | Acquired 928 gold pieces
  9867 | D:8      | Noticed Maurice
  9868 | D:8      | Reached skill level 5 in Dodging
  9881 | D:8      | Killed Maurice
 10390 | D:9      | Reached ** piety under Vehumet
 10400 | D:9      | Offered knowledge of Poisonous Vapours by Vehumet.
 10624 | D:9      | Identified the ring "Diajox" {Drain rF++ rC+ rN+ rCorr}
 10675 | D:9      | Reached skill level 12 in Air Magic
 11131 | D:9      | Found a staircase to the Lair.
 11149 | D:9      | Noticed a cyan ugly thing
 11179 | D:9      | Killed a cyan ugly thing
 11351 | D:9      | Found Joco's Assorted Antiques.
 11483 | D:9      | Bought a scroll of identify for 44 gold pieces
 11509 | D:9      | Offered knowledge of Frozen Ramparts by Vehumet.
 11697 | D:9      | Reached XP level 11. HP: 67/68 MP: 18/20
 12034 | D:10     | Entered Level 10 of the Dungeon
 12499 | D:10     | Noticed a two-headed ogre
 12524 | D:10     | Killed a two-headed ogre
 12524 | D:10     | Reached *** piety under Vehumet
 12525 | D:10     | Reached skill level 10 in Dodging
 13275 | D:10     | Noticed a wizard
 13884 | D:11     | Reached skill level 1 in Evocations
 14030 | D:11     | Offered knowledge of Ignite Poison by Vehumet.
 14035 | D:11     | Learned a level 3 spell: Ignite Poison
 14291 | D:11     | Found an iron altar of Okawaru.
 14386 | D:11     | Found Tumauf's Magic Scroll Boutique.
 14659 | D:11     | Noticed a manticore
 14667 | D:11     | Killed a manticore
 14779 | D:11     | Reached **** piety under Vehumet
 14823 | D:11     | Found a staircase to the Orcish Mines.
 15151 | Lair:1   | Entered Level 1 of the Lair of Beasts
 15240 | Lair:1   | Offered knowledge of Flame Wave by Vehumet.
 15418 | Lair:1   | Reached XP level 12. HP: 68/76 MP: 18/22
 15861 | Lair:1   | Noticed Harold
 15866 | Lair:1   | Killed Harold
 16158 | Lair:2   | Slain by a black mamba

Illustrated notes

Levels and vault maps discovered:
D:1:      roderic_crossed_star, layout_basic, basic_ecumenical_altar
D:2:      layout_rooms, basic_altar, uniq_sigmund
D:3:      layout_basic, mainiacjoe_overflow_24_doors, minmay_starry_boxes,
          uniq_terence
D:4:      layout_rooms, kennysheep_ying_yang, lightli_corner_chamber
D:5:      layout_layer_cave, makhleb_heckhound_becter,
          minmay_temple_entry_ruins, serial_shops, nicolae_square_shop,
          grunt_ministairs_6
D:6:      layout_loops_ring, jmf_multi_god_temple2, enter_ossuary_4,
          ebering_dispersal_statue_hall
D:7:      layout_basic
D:8:      layout_loops_ring, uniq_maurice
D:9:      layout_basic, due_lair_maze_entry_diamond, serial_shops,
          nicolae_shop_stone, grunt_decor_cap, minmay_lizard_king
D:10:     layout_loops_corners, minmay_mirror_moons_of_madness
D:11:     wander_river, layout_long_grid, david_orc_4, serial_shops,
          nicolae_lakefront_shop, okawaru_ov_weapons_minmay
D:12:     layout_basic
Temple:   eino_temple_rhombus
Lair:1:   layout_roguey, serial_bayou_pond_c, grunt_megastairs_1,
          infiniplex_staircase_pool, uniq_harold
Lair:2:   layout_loops_ring, grunt_forest_stairs_clearing

Skill      XL: |  1  2  3  4  5  6  7  8  9 10 11 12 |
---------------+-------------------------------------+-----
Conjurations   | 2 3 4 5 6 8 9 |  9.4
Fighting       | 1 2 3 4 6 7 9 |  9.6
Air Magic      | 5 6 7 8 10 11 12 | 12.8
Spellcasting   | 3 4 5 6 |  6.5
Dodging        | 4 9 10 | 10.0
Evocations     | 3 4 |  4.6
Stealth        | |  2.0

Action                   |  1- 3 |  4- 6 |  7- 9 | 10-12 || total
-------------------------+-------+-------+-------+-------++-------
Melee: Unarmed           |     5 |       |       |       ||     5
       Kick              |     3 |       |    17 |    20 ||    40
       Dagger            |     4 |     6 |    12 |    80 ||   102
       Punch             |     1 |       |       |       ||     1
       Peck              |       |     1 |     6 |    21 ||    28
       Rapier            |       |       |    18 |       ||    18
 Cast: Shock             |    71 |    37 |   101 |    55 ||   264
       Static Discharge  |    11 |    20 |    73 |   140 ||   244
       Airstrike         |       |       |     2 |    50 ||    52
       Swiftness         |       |       |       |     1 ||     1
       Ignite Poison     |       |       |       |     1 ||     1
  Use: Scroll            |     1 |    12 |     7 |     4 ||    24
       Potion            |       |       |       |     2 ||     2
 Stab: Sleeping          |       |     2 |     2 |     1 ||     5
Armor: Robe              |     6 |     4 |    12 |       ||    22
       Troll leather arm |       |       |    13 |    43 ||    56
Dodge: Dodged            |    24 |    20 |    83 |   208 ||   335

Table legend: (Time is in decaauts)
 A = Elapsed time spent in this place.
 B = Non-inter-level travel time spent in this place.
 C = Inter-level travel time spent in this place.
 D = Time resting spent in this place.
 E = Time spent auto-exploring this place.
 F = Levels seen in this place.
 G = Mean time per level.
                   A        B        C        D        E       F      G
               +--------+--------+--------+--------+--------+-----+--------+
         Total |  15366 |  14672 |    694 |    372 |  12014 |  15 | 1024.4 |
       Dungeon |  14405 |  13748 |    657 |    372 |  11233 |  12 | 1200.4 |
        Temple |     28 |     12 |     16 |      0 |      5 |   1 |   28.0 |
          Lair |    932 |    912 |     20 |      0 |    775 |   2 |  466.0 |
               +--------+--------+--------+--------+--------+-----+--------+

Top non-repeatable levels by time:
     D:3: 1919 daAuts
    D:10: 1715 daAuts
     D:5: 1698 daAuts
     D:9: 1689 daAuts
     D:6: 1356 daAuts
     D:4: 1228 daAuts
     D:7: 1157 daAuts
    D:11: 1136 daAuts
     D:8: 1010 daAuts
     D:1: 945 daAuts
  Lair:1: 872 daAuts
     D:2: 541 daAuts
  Lair:2: 60 daAuts
  Temple: 28 daAuts
    D:12: 6 daAuts
